 Dungeon Crawl Stone Soup version 0.14.1-24-gbdbe590 (webtiles) character file.

336 HunterOfWisdom the Grave Robber (level 4, -6/30 HPs)
             Began as a Mummy Necromancer on July 2, 2014.
             Mangled by a wight
             ... wielding a cursed +1,+1 dire flail
              (11 damage)
             ... on Level 4 of the Dungeon.
             The game lasted 00:26:01 (2879 turns).

HunterOfWisdom the Grave Robber (Mummy Necromancer) Turns: 2879, Time: 00:26:01

HP  -6/30        AC  3     Str 11      XL: 4   Next: 94%
MP   7/7         EV 11     Int 15      God:
Gold 203         SH  7     Dex 15      Spells:  3 memorised,  2 levels left

rFire  x . .     SeeInvis .     o - +0 dagger
rCold  + . .     Clarity  .     p - +0 robe
rNeg   + + +     Conserve .     m - +0 buckler
rPois  +         rCorr    .     (no helmet)
rElec  .         rRot     +     k - +0 cloak
SustAb . .       Spirit   .     (no gloves)
rMut   .         Warding  .     (no boots)
Saprov . . .     Stasis   .     (no amulet)
MR     .....                    h - +3 ring of dexterity
                                f - ring of poison resistance

@: not resistant to hostile enchantments, fairly stealthy
A: no food or potions, fire vulnerability, restore body, cold resistance 1, life
protection 3, poison resistance, torment resistance, unbreathing
a: no special abilities


You were on level 4 of the Dungeon.
You were not hungry.

You visited 1 branch of the dungeon, and saw 4 of its levels.

You collected 203 gold pieces.

Inventory:

Hand weapons
 o - a +0,+0 dagger (weapon)
Missiles
 e - 7 javelins (quivered)
Armour
 k - a +0 cloak (worn)
 m - a +0 buckler (worn)
 p - a +0 robe (worn)
Scrolls
 c - a scroll of identify
 d - a scroll of enchant weapon II {unknown}
 g - 2 scrolls of random uselessness {unknown}
 i - a scroll of remove curse {unknown}
 j - 2 scrolls of blinking {unknown}
 l - a scroll of enchant weapon I {unknown}
 n - 2 scrolls of enchant armour {unknown}
 q - 2 scrolls of immolation {unknown}
 r - a scroll of teleportation
Jewellery
 f - a ring of poison resistance (left hand)
 h - a +3 ring of dexterity (right hand)
Books
 b - a book of Necromancy

   Spells                             Type                      Level
   *Pain                              Necromancy                   1
   *Animate Skeleton                  Necromancy                   1
   Lethal Infusion                    Charms/Necromancy            2
   *Vampiric Draining                 Necromancy                   3
   Regeneration                       Charms/Necromancy            3
   Animate Dead                       Necromancy                   4
   Control Undead                     Necromancy                   4


   Skills:
 - Level 1.5 Dodging
 - Level 1.5 Stealth
 - Level 2.0 Spellcasting
 + Level 6.3 Necromancy


You had 2 spell levels left.
You knew the following spells:

 Your Spells              Type           Power        Failure   Level  Hunger
a - Pain                  Necr           ###.         1%          1    N/A
b - Animate Skeleton      Necr           N/A          1%          1    N/A
c - Vampiric Draining     Necr           ###.......   8%          3    N/A

Dungeon Overview and Level Annotations

Branches:
Dungeon (4/15)
 Temple: D:4-7

Altars:
Vehumet
Yredelemnul


Innate Abilities, Weirdness & Mutations

You do not eat or drink.
Your flesh is vulnerable to fire.
Your flesh is cold resistant.
You are immune to negative energy.
Your system is resistant to poisons.
You are immune to unholy pain and torment.
You can survive without breathing.


Message History

Your orc skeleton hits the wight but does no damage.
The wight hits your orc skeleton with a dire flail!
Your orc skeleton is destroyed!
You see here a chunk of orc flesh.
Okay, then.
A hound skeleton comes into view.
The hound skeleton closely misses you. The hound skeleton barely misses you.
The hound skeleton closely misses you. The hound skeleton bites you.
* * * LOW HITPOINT WARNING * * *
The hound skeleton bites you but does no damage.
You hit the wight.
The wight is lightly damaged.
The hound skeleton barely misses you. The hound skeleton bites you.
* * * LOW HITPOINT WARNING * * *
You hit the wight.
The wight is moderately damaged.
The wight hits you with a dire flail!
You die...

P♣≈≈≈≈P≈####################..#
P♣≈≈≈P.≈......................#
♣≈≈PPP.................!.<....#
PP.≈<.........................#
.).....########...........##[.#
####...# #...####....##..# #
#...# #...# #....##..# ####...#
#...# #....##..# .......# #.@.#
#....##..# ####...#
#zz.####....##>.#
####...########...........##..#
..............................#
..............................#
..........######....##........#
..###.#.### ***########.......#
..# #.#.#,,,,,,,,,,,,,#.......#
..# #.#.#,,,,,,,,,,,,,#.......#


You could see a wight and a hound skeleton.

Vanquished Creatures
  A hound (D:4)
  Jessica (D:3)
  5 adders
  A worm (D:4)
  An orc (D:4)
  2 giant cockroaches
  4 goblins
  5 hobgoblins
  4 kobolds
  A quokka (D:3)
  A bat (D:1)
  2 giant geckos
  3 giant newts
  3 rats
34 creatures vanquished.

Vanquished Creatures (collateral kills)
  A hobgoblin (D:1)
  A ball python (D:3)
2 creatures vanquished.

Vanquished Creatures (others)
  A goblin skeleton (D:1)
  An orc skeleton (D:4)
  A rat skeleton (D:2)
3 creatures vanquished.

Grand Total: 39 creatures vanquished

Notes
Turn   | Place    | Note
--------------------------------------------------------------
     0 | D:1      | HunterOfWisdom, the Mummy Necromancer, began the quest for the Orb.
     0 | D:1      | Reached XP level 1. HP: 13/13 MP: 3/3
     3 | D:1      | Learned a level 1 spell: Animate Skeleton
   314 | D:1      | Reached XP level 2. HP: 19/19 MP: 2/4
  1079 | D:2      | Reached skill level 5 in Necromancy
  1079 | D:2      | Reached XP level 3. HP: 24/24 MP: 3/6
  1436 | D:2      | Learned a level 3 spell: Vampiric Draining
  1454 | D:2      | Found a radiant altar of Vehumet.
  1607 | D:3      | Found a basalt altar of Yredelemnul.
  1706 | D:3      | Noticed Jessica
  1710 | D:3      | Killed Jessica
  1769 | D:3      | Reached XP level 4. HP: 30/30 MP: 4/7
  2524 | D:4      | Reached skill level 6 in Necromancy
  2879 | D:4      | Mangled by a wight

Action                   |  1- 3 |  4- 6 || total
-------------------------+-------+-------++-------
Melee: Dagger            |       |    13 ||    13
 Cast: Pain              |    35 |    40 ||    75
       Animate Skeleton  |    10 |     5 ||    15
  Use: Scroll            |       |     2 ||     2
